 Dungeon Crawl Stone Soup version 0.29.1-1-gd02db6906a (webtiles) character file.

Game seed: 9046000821229730790

32 funnyparkerb the Cutter (level 3, -1/19 HPs)
             Began as a Vine Stalker Monk on Sept 28, 2022.
             Constricted to death by Natasha (4 damage)
             ... on level 2 of the Dungeon.
             The game lasted 00:01:13 (810 turns).

funnyparkerb the Cutter (Vine Stalker Monk)          Turns: 810, Time: 00:01:14

Health: -1/19      AC:  3    Str: 13    XL:     3   Next: 27%
Magic:  0/4        EV: 10    Int: 10    God:
Gold:   50         SH:  0    Dex: 18    Spells: 2/2 levels left

rFire   . . .      SeeInvis .   h - +0 dagger
rCold   . . .      Faith    .   (no shield)
rNeg    . . .      Spirit   +   b - +0 robe
rPois   .          Reflect  .   i - +1 hat
rElec   .          Harm     .   (no cloak)
rCorr   .          Rampage  .   (no gloves)
Will    .....                   (no boots)
Stlth   ++........              (no amulet)
HPRegen 0.06/turn               (no ring)
MPRegen 0.09/turn               (no ring)

@: grasped by roots, constricted
A: fangs 2, magic shield, antimagic bite, no potion heal 2
a: no special abilities


You were on level 2 of the Dungeon.
You visited 1 branch of the dungeon, and saw 2 of its levels.

You collected 50 gold pieces.

Inventory:

Hand Weapons
 h - a +0 dagger (weapon)
Missiles
 g - 4 poisoned darts (quivered)
Armour
 b - a +0 robe (worn)
 i - a +1 hat (worn)
Scrolls
 d - a scroll of enchant weapon {unknown}
 e - a scroll of poison {unknown}
 f - a scroll of identify {unknown}
Potions
 a - 3 potions of curing {unknown}
 c - a potion of ambrosia


   Skills:
 - Level 2.6 Fighting
 + Level 3.9 Short Blades
 - Level 2.4 Dodging
 - Level 2.4 Stealth


You had 2 spell levels left.
You didn't know any spells.
Your spell library was empty.

Dungeon Overview and Level Annotations

Branches:
Dungeon (2/15)

Altars:

Annotations:
D:2 Natasha, Robin


Innate Abilities, Weirdness & Mutations

You have extremely sharp teeth.
When hurt, damage is shared between your health and your magic reserves.
Your bite disrupts and absorbs the magic of your enemies.
Potions cannot restore your health.


Message History

The hobgoblin is moderately wounded.
The hobgoblin closely misses you.
You hit the hobgoblin but do no damage. You bite the hobgoblin.
You kill the hobgoblin!
No target in view!
No target in view!
There is a stone staircase leading down here.
You climb downwards.
Level annotation: Robin
Found a scroll labelled JEGOOS DOYDE.
There is a stone staircase leading up here.
Found a stone staircase leading down.
Natasha hisses angrily.
Natasha closely misses you.
You hit Natasha but do no damage. Your bite misses Natasha.
Natasha zaps a wand.
The roots erupt in riotous growth!
The grasping roots grab you!
Natasha is unaffected.
The grasping roots constrict you!
You hear a bark!
You hear a shout! x2
You hit Natasha but do no damage. Natasha closely misses you.
The grasping roots constrict you.
You are too injured to fight recklessly!
You are too injured to fight recklessly!
You escape the roots grasp.
Natasha attacks as you move away! Natasha claws you but does no damage.
Natasha attacks as you move away! Natasha claws you.
* * * LOW HITPOINT WARNING * * *
Natasha wildly gestures.
Natasha's front paws start to glow.
Natasha zaps a wand.
The roots erupt in riotous growth!
The grasping roots grab you! The grasping roots constrict you.
* * * LOW HITPOINT WARNING * * *
You hear a shout! x2
There is a stone staircase leading up here.
You escape the roots grasp.
Natasha zaps a wand.
The roots erupt in riotous growth!
The grasping roots grab you! The grasping roots constrict you.
You die...

#.... #.##. . #
.... .... .....
..... . ......
#####..
#...?.###......#
.......@....#
............#
........h...#
##............#
#..........#.#
#..........# #
..........###
..........#
..>.......#


You could see Natasha.

Vanquished Creatures
  A dart slug (D:1)
  3 endoplasms (D:1)
  2 giant cockroaches (D:1)
  3 goblins (D:1)
  3 hobgoblins
  A quokka (D:1)
  3 ball pythons (D:1)
  3 bats (D:1)
  2 kobolds (D:1)
  7 rats (D:1)
28 creatures vanquished.

Notes
Turn   | Place    | Note
-------+----------+-------------------------------------------
     0 | D:1      | funnyparkerb the Vine Stalker Monk began the quest for the
                  | Orb.
     0 | D:1      | Reached XP level 1. HP: 11/11 MP: 2/2
    48 | D:1      | Reached skill level 3 in Short Blades
    55 | D:1      | Reached XP level 2. HP: 14/16 MP: 1/3
   509 | D:1      | Reached XP level 3. HP: 19/19 MP: 4/4
   726 | D:1      | Found a faded altar of an unknown god.
   785 | D:2      | Noticed Robin
   803 | D:2      | Noticed Natasha
   810 | D:2      | Constricted to death by Natasha

Illustrated notes

Levels and vault maps discovered:
D:1:      heliophobic_arrival_ceremonial_halls, layout_rooms,
          hellmonk_ecumenical_altar_run_dry, minmay_misc_feat_secret_circle
D:2:      layout_rooms, uniq_robin, uniq_natasha

Skill      XL: |  1 |
---------------+----+-----
Short Blades   | 3 |  3.9
Fighting       | |  2.6
Dodging        | |  2.4
Stealth        | |  2.4

Action                   || total
-------------------------++-------
Melee: Short sword       ||    25
       Bite              ||    12
       Dagger            ||    39
Throw: Dart              ||     3
 Stab: Sleeping          ||     6
Armor: Robe              ||    14
Dodge: Dodged            ||    32
